 Dungeon Crawl Stone Soup version 0.29-a0-389-gd8082fcd2d (webtiles) character file.

Game seed: 12942987236326208905

47 Bruhh the Firebug (level 3, 0/24 HPs)
             Began as a Demonspawn Fire Elementalist on May 8, 2022.
             Succumbed to an adder's poison
             ... on level 2 of the Dungeon.
             The game lasted 00:03:10 (1540 turns).

Bruhh the Firebug (Demonspawn Fire Elementalist)    Turns: 1540, Time: 00:03:10

Health: 0/24       AC:  3    Str:  8    XL:     3   Next: 48%
Magic:  0/6        EV: 12    Int: 18    God:
Gold:   29         SH:  4    Dex: 15    Spells: 4/7 levels left

rFire   + . .      SeeInvis .   (no weapon)
rCold   . . .      Faith    .   (no shield)
rNeg    . . .      Spirit   .   b - +1 robe {rF+}
rPois   .          Reflect  .   (no helmet)
rElec   .          Harm     .   (no cloak)
rCorr   .          Rampage  .   (no gloves)
Will    .....                   (no boots)
Stlth   +++.......              (no amulet)
HPRegen 0.08/turn               (no ring)
MPRegen 0.10/turn               (no ring)

@: lethally poisoned (0 -> -7), invisible
A: thin skeletal structure 1, condensation shield
a: no special abilities


You were on level 2 of the Dungeon.
You visited 1 branch of the dungeon, and saw 2 of its levels.

You collected 29 gold pieces.

Inventory:

Armour
 a - a +0 robe
 b - a +1 robe of fire resistance (worn)
Scrolls
 d - a scroll of fog {unknown}
 e - 2 scrolls of identify {unknown}
 g - a scroll of teleportation {unknown}
 h - a scroll of enchant armour {unknown}
Potions
 c - a potion of resistance {unknown}
 i - a potion of lignification {unknown}
 j - a potion of curing {unknown}


   Skills:
 - Level 1.7 Dodging
 - Level 1.7 Stealth
 + Level 2.6 Spellcasting
 - Level 1.0 Conjurations
 * Level 3.7 Fire Magic


You had 4 spell levels left.
You knew the following spells:

 Your Spells              Type           Power      Damage    Failure   Level
a - Foxfire               Conj/Fire      40%        2x1d6     6%          1
b - Scorch                Fire           30%        2d7       5%          2

Your spell library contained the following spells:

 Spells                   Type           Power      Damage    Failure   Level
 Conjure Flame            Conj/Fire      10%        6-21      19%         3
 Inner Flame              Hex/Fire       9%         N/A       24%         3
 Flame Wave               Conj/Fire      10%        2d5       54%         4


Dungeon Overview and Level Annotations

Branches:
Dungeon (2/15)

Altars:


Innate Abilities, Weirdness & Mutations

You have a somewhat thin skeletal structure. (Dex +2, Stealth+)
A meltable shield of frost defends you. (SH +4)


Message History

* * * LOW HITPOINT WARNING * * *
You hit the adder but do no damage.
The foxfire hits the adder.
The adder is lightly wounded.
The foxfire hits the adder.
The adder is moderately wounded.
The adder bites you.
* * * LOW HITPOINT WARNING * * *
Casting: Foxfire (safe; 6% risk of failure)
Confirm with . or Enter, or press ? or * to list all spells.
Okay, then.
Casting: Foxfire (safe; 6% risk of failure)
Confirm with . or Enter, or press ? or * to list all spells.
You conjure some foxfire!
You block the adder's attack. The adder bites you but does no damage.
Unknown command.
You closely miss the adder.
The adder is moderately wounded.
The foxfire hits the adder.
The adder is heavily wounded.
The foxfire hits the adder.
The adder is almost dead.
The adder closely misses you.
You closely miss the adder.
The adder is almost dead.
The adder completely misses you.
You hit the adder.
The adder is almost dead.
The adder barely misses you. You block the endoplasm's attack.
You closely miss the adder.
The adder is almost dead.
The adder bites you.
* * * LOW HITPOINT WARNING * * *
You are lethally poisoned!
The adder poisons you! The adder bites you but does no damage.
The endoplasm freezes you.
You are frozen.
* * * LOW HITPOINT WARNING * * *
It was a potion of invisibility.
You fade into invisibility!
You die...

....... #.# .......
#####.# ....... #...#.#
.)..... .....#
##....... ....#
##........ #..#
##..##.....
#..#####..## ###
######@S......##
........J.#.#....#####
.##....†....#.##.....##
#...........# ####..##
#.......#..####.......
###.##.......##.......
#. #.#.............. #.
#...#.###........
.....#.. ##.......


You could see an adder (can't see you) and an endoplasm.

Vanquished Creatures
  2 adders (D:2)
  2 endoplasms (D:2)
  3 goblins
  3 hobgoblins (D:1)
  3 jackals (D:1)
  4 kobolds (D:1)
  3 quokkas
  2 ball pythons (D:1)
  A bat (D:1)
  3 frilled lizards
  2 rats
28 creatures vanquished.

Vanquished Creatures (others)
  73 foxfires
73 creatures vanquished.

Grand Total: 101 creatures vanquished

Notes
Turn   | Place    | Note
-------+----------+-------------------------------------------
     0 | D:1      | Bruhh the Demonspawn Fire Elementalist began the quest for
                  | the Orb.
     0 | D:1      | Reached XP level 1. HP: 13/13 MP: 3/3
   411 | D:1      | Reached skill level 3 in Fire Magic
   480 | D:1      | Gained mutation: A meltable shield of frost defends you.
                  | (SH +4) [demonic ancestry]
   480 | D:1      | Reached XP level 2. HP: 14/19 MP: 0/5
   802 | D:1      | Learned a level 2 spell: Scorch
  1391 | D:2      | Gained mutation: You have a somewhat thin skeletal
                  | structure. (Dex +2, Stealth+) [demonic ancestry]
  1391 | D:2      | Reached XP level 3. HP: 24/24 MP: 1/6
  1540 | D:2      | Succumbed to an adder's poison

Illustrated notes

Levels and vault maps discovered:
D:1:      heliophobic_arrival_ceremonial_halls, layout_basic
D:2:      layout_rooms

Skill      XL: |  1 |
---------------+----+-----
Fire Magic     | 3 |  3.7
Dodging        | |  1.7
Stealth        | |  1.7
Spellcasting   | |  2.6
Conjurations   | |  1.0

Action                   || total
-------------------------++-------
Melee: Unarmed           ||    35
 Cast: Foxfire           ||    43
       Scorch            ||     8
  Use: Potion            ||     2
Armor: Robe              ||     7
Dodge: Dodged            ||    44
Block: Other             ||     8

Table legend: (Time is in decaauts)
 A = Elapsed time spent in this place.
 B = Non-inter-level travel time spent in this place.
 C = Inter-level travel time spent in this place.
 D = Time resting spent in this place.
 E = Time spent auto-exploring this place.
 F = Levels seen in this place.
 G = Mean time per level.
                   A        B        C        D        E       F      G
               +--------+--------+--------+--------+--------+-----+--------+
         Total |   1539 |   1490 |     49 |      0 |   1231 |   2 |  769.5 |
       Dungeon |   1539 |   1490 |     49 |      0 |   1231 |   2 |  769.5 |
               +--------+--------+--------+--------+--------+-----+--------+

Top non-repeatable levels by time:
     D:1: 1265 daAuts
     D:2: 274 daAuts
